Map: New Gettysburg LE

Players

Mrssd

  • Race: Zerg Zerg
  • League: Platinum

SkyKiller - Winner!

  • Race: Zerg Zerg
  • League: Platinum

VOD

Have the link to the VOD?

Description

Time

  • Played on: Aug. 3, 2016, 8:29 a.m.
  • Length: 7:35
Show
View Real Time Build Order
Export as new Build Order

Mrssd Zerg 

Build Orders: Pool First, Zergling Baneling 

Get SALT Encoding   

  12  0:01  Drone  
  13  0:09  Extractor  
  12  0:25  Spawning Pool  
  11  0:32  Drone  
  11  0:35  Drone  
  13  0:41  Drone  
  14  0:53  Overlord  
  14  1:13  Zergling x4  
  14  1:16  Zergling x2  
  17  1:18  Metabolic Boost  
  17  1:27  Zergling x2  
  18  1:36  Queen  
  20  1:41  Zergling x2  
  21  1:51  Overlord  
  21  2:02  Baneling Nest  
  21  2:05  Zergling x2  
  21  2:22  Zergling x2  
  21  2:23  Zergling x2  
  22  2:31  Zergling x2  
  19  2:53  Zergling x4  
  19  2:56  Baneling  
  19  2:57  Baneling  
  21  2:59  Lair  
  21  3:05  Zergling x4  
  23  3:08  Baneling x2  
  22  3:23  Zergling x6  
  24  3:35  Zergling x4  
  22  3:52  Zergling x6  
  23  4:05  Centrifical Hooks  
  23  4:13  Baneling x3  
  23  4:16  Baneling  
  23  4:21  Drone  
  24  4:26  Drone  
  24  4:39  Drone x2  
  24  4:44  Drone  
  27  4:47  Drone  
  27  5:14  Hatchery  
  27  5:18  Overlord  
  26  5:39  Drone x6  
  32  5:49  Queen  
  33  6:06  Drone x2  
  35  6:14  Extractor  
  34  6:19  Roach Warren  
  34  6:20  Evolution Chamber  
  34  6:22  Evolution Chamber  
  34  6:24  Drone  
  34  6:25  Drone  
  33  6:29  Drone  
  34  6:36  Drone  
  35  6:41  Drone  
  35  6:46  Queen  
  35  6:51  Drone  
  31  6:58  Queen  
  22  7:09  Drone x2  
  22  7:13  Drone  
  25  7:19  Drone  
  26  7:23  Drone  
Show
View Real Time Build Order
Export as new Build Order

SkyKiller Zerg - Winner!

Build Orders: Pool First 

Get SALT Encoding   

  12  0:01  Drone  
  13  0:13  Overlord  
  13  0:18  Drone  
  14  0:23  Extractor  
  14  0:24  Drone  
  15  0:31  Drone  
  16  0:36  Drone  
  16  0:39  Extractor  
  16  0:45  Drone  
  17  0:54  Spawning Pool  
  17  0:56  Drone  
  17  1:13  Drone  
  18  1:23  Drone  
  19  1:29  Hatchery  
  18  1:38  Drone  
  19  1:43  Queen  
  21  1:51  Overlord  
  22  1:54  Zergling x2  
  22  2:10  Zergling x2  
  20  2:18  Zergling x2  
  21  2:24  Zergling x2  
  22  2:34  Zergling x2  
  23  2:41  Zergling x2, Queen  
  22  2:53  Queen  
  22  2:58  Drone x2  
  25  2:59  Zergling x4  
  25  3:04  Zergling x2  
  29  3:09  Spine Crawler  
  27  3:35  Metabolic Boost  
  27  3:36  Zergling x2  
  28  3:45  Zergling x4  
  28  3:46  Zergling x2  
  26  3:49  Zergling x6  
  26  3:51  Queen  
  29  3:55  Queen  
  31  4:16  Baneling Nest, Drone  
  31  4:18  Zergling x4  
  33  4:28  Evolution Chamber  
  31  4:41  Roach Warren  
  31  4:42  Drone  
  32  4:54  Queen  
  33  5:02  Drone x2  
  33  5:03  Overlord x2  
  33  5:05  Zerg Melee Weapons Level 1  
  35  5:40  Zergling x4  
  35  5:41  Drone x6  
  35  5:42  Drone x2  
  45  5:43  Overlord  
  45  5:50  Spine Crawler  
  44  6:10  Zergling x4, Roach  
  44  6:11  Roach x4  
  56  6:33  Roach x2  
  59  7:01  Overlord x2  
  58  7:13  Roach x2  
  58  7:14  Overlord x2  
Tags
 
Add a new tag
Caveats
  • Supply blocks, unpowered buildings, or Contaminate may cause inaccurate times.
  • Supply counts are checked every 10 seconds.